 Dungeon Crawl Stone Soup version 0.31.0-11-ge490571c62 (webtiles) character file.

Game seed: 3225583409216341688

319 Flugkiller the Chiller (level 6, 0/28 HPs)
             Began as a Vine Stalker Ice Elementalist on Feb 3, 2024.
             Slain by Blork the orc
             ... wielding a +2 hand axe of freezing
              (5 damage)
             ... on level 4 of the Dungeon.
             The game lasted 00:02:22 (632 turns).

Flugkiller the Chiller (VSIE)                        Turns: 632, Time: 00:02:22

Health: 0/28       AC:  8    Str: 11    XL:     6   Next: 46%
Magic:  0/14       EV: 12    Int: 17    God:
Gold:   61         SH:  0    Dex: 20    Spells: 7/14 levels left

rFire   x . .        b - +0 rapier
rCold   . . .        (no shield)
rNeg    . . .        f - +1 leather armour "Yrugeteh" {rPois rF- Dex+6}
rPois   +            (no helmet)
rElec   .            (no cloak)
rCorr   .            (no gloves)
SInv    .            (no boots)
Will    .....        (no amulet)
Stlth   ++           (no ring)
HPRegen 1.04/turn    (no ring)
MPRegen 0.14/turn

%: guardian spirit
@: ice-armoured, freezing walls
A: fangs 2, regeneration 1, magic shield, antimagic bite, no potion heal 2
a: no special abilities


You were on level 4 of the Dungeon.
You visited 1 branch of the dungeon, and saw 4 of its levels.

You collected 61 gold pieces.

Inventory:

Hand Weapons
 b - a +0 rapier (weapon)
   (You took it off Duvessa on level 4 of the Dungeon)
 c - a +0 whip
   (You took it off a kobold on level 1 of the Dungeon)
Armour
 a - a +0 robe
 f - the +1 leather armour "Yrugeteh" (worn) {rPois rF- Dex+6}
   (You found it on level 2 of the Dungeon)

   Dex+6:     It affects your dexterity (+6).
   rF-:       It makes you vulnerable to fire.
   rPois:     It protects you from poison
Magical Staves
 l - a staff of air
   (You found it on level 3 of the Dungeon)
Scrolls
 d - a scroll of immolation {unknown}
 e - a scroll of summoning {unknown}
 g - a scroll of enchant weapon {unknown}
 i - a scroll of identify {unknown}
 z - a scroll of blinking


   Skills:
 - Level 1.5 Dodging
 - Level 2.4 Stealth
 + Level 4.9 Spellcasting
 + Level 6.0 Ice Magic


You had 7 spell levels left.
You knew the following spells:

 Your Spells              Type           Power      Damage    Failure   Level
a - Freeze                Ice            96%        1d10      1%          1
b - Frozen Ramparts       Ice            48%        1d8       4%          3
c - Ozocubu's Armour      Ice            24%        N/A       4%          3

Your spell library contained the following spells:

 Spells                   Type           Power      Damage    Failure   Level
 Summon Ice Beast         Ice/Summ       14%        N/A       16%         3


Dungeon Overview and Level Annotations

Branches:
Dungeon (4/15) Zot: 23363
 Temple: D:4-7

Altars:
Fedhas

Annotations:
D:2 Sigmund
D:4 Blork the orc


Innate Abilities, Weirdness & Mutations

You have extremely sharp teeth.
Your natural rate of healing is unusually fast.
When hurt, damage is shared between your health and your magic reserves.
Your bite disrupts and absorbs the magic of your enemies.
Potions cannot restore your health.


Message History

Casting: Freeze (safe; 1% risk of failure)
Confirm with . or Enter, or press ? or * to list all spells.
Aiming: Freeze (safe; 1% risk of failure)
Press: ? - help, Shift-Dir - straight line, f/p - Dowan
Aim: Dowan, wielding a +0 dagger and wearing a +0 robe (moderately wounded, fast)
You freeze Dowan.
Dowan is heavily wounded.
The wall freezes Dowan.
Dowan hits you with a +0 dagger.
Casting: Freeze (safe; 1% risk of failure)
Confirm with . or Enter, or press ? or * to list all spells.
Aiming: Freeze (safe; 1% risk of failure)
Press: ? - help, Shift-Dir - straight line, f/p - Dowan
Aim: Dowan, wielding a +0 dagger and wearing a +0 robe (severely wounded, fast)
You freeze Dowan!
You kill Dowan!
Your Ice Magic skill increases to level 6!
The frozen ramparts melt away as you move.
Things that are here:
a +0 dagger; a +0 robe; the elf corpse of Dowan
Items here: )) [ †.
b - a +0 rapier
b - a +0 rapier (weapon)
Items here: ))) †††.
You see here a +0 club.
Found 13 gold pieces.
Found a stone staircase leading up.
You see here a +0 ring mail.
You now have 61 gold pieces (gained 13).
There is a stone staircase leading up here.
You climb upwards.
There is a stone staircase leading down here.
You climb downwards.
There is a stone staircase leading up here.
There is a stone staircase leading up here.
Blork the orc comes into view.
He is wielding a +2 hand axe of freezing.
Blork the orc shouts!
Blork the orc gestures at you while chanting.
The puff of frost hits you.
Blork the orc points at you and mumbles some strange words.
The magic dart hits you.
Casting: Freeze (safe; 1% risk of failure)
Confirm with . or Enter, or press ? or * to list all spells.
The walls around you are covered in ice.
Blork the orc points at you and mumbles some strange words.
The magic dart hits you!
Unknown command.
It was a potion of heal wounds.
That seemed strangely inert.
Unknown command.
Unknown command.
You aren't carrying any items that you can evoke.
Unknown command.
You can't see any susceptible monsters within range! (Use Z to cast anyway.) Unknown command.
Okay, then.
Okay, then.
Blink to where?
Press: ? - help, Dir - move target The frozen ramparts melt away as you move.
As you read the scroll labelled RUSEN OSUOPP, it crumbles to dust.
It was a scroll of blinking.
z - a scroll of blinking You climb upwards.
There is a stone staircase leading down here.
Unknown command.
There is a stone staircase leading down here.
There is a stone staircase leading down here.
You start resting.
Magic restored.
You climb downwards.
Level annotation: Blork the orc
There is a stone staircase leading up here.
Unknown command.
Blork the orc attacks as he pursues you!
Blork the orc hits you with a +2 hand axe of freezing!
Blork the orc freezes you.
Casting: Frozen Ramparts (quite dangerous; 4% risk of failure)
Confirm with . or Enter, or press ? or * to list all spells.
The walls around you are covered in ice.
The wall freezes Blork the orc.
Blork the orc gestures wildly while chanting.
Blork the orc seems to speed up.
Casting: Frozen Ramparts (quite dangerous; 4% risk of failure)
Confirm with . or Enter, or press ? or * to list all spells.
A film of ice covers your body!
The wall freezes Blork the orc.
Blork the orc hits you with a +2 hand axe of freezing!
Blork the orc freezes you.
The wall freezes Blork the orc.
Blork the orc hits you with a +2 hand axe of freezing.
Blork the orc freezes you.
Casting: Ozocubu's Armour (quite dangerous; 4% risk of failure)
Confirm with . or Enter, or press ? or * to list all spells.
Aiming: Freeze (safe; 1% risk of failure)
Press: ? - help, Shift-Dir - straight line, f - Blork the orc
Aim: Blork the orc, wielding a +2 hand axe of freezing and wearing a +0 robe (moderately wounded, fast)
You freeze Blork the orc.
Blork the orc is moderately wounded.
The wall freezes Blork the orc but does no damage.
Blork the orc hits you with a +2 hand axe of freezing!
* * * LOW HITPOINT WARNING * * *
Blork the orc freezes you.
You die...

.# #.## ##..#### #......#
... #......####...
#......#.....#
#......#.###.#
#@...........#
#o........##.#####
#..<..............
####.....[......#####
########................))[.
.........##......###...#####
.....................#..#
.........#####.......##...
.......### #.......# ##..


You could see Blork the orc (fast).

Vanquished Creatures
  Duvessa (D:4)
  Dowan (D:4)
  A bombardier beetle (D:3)
  An orc priest (D:3)
  Natasha (D:1)
  4 gnolls (D:4)
  An adder (D:2)
  A dart slug (D:3)
  A ribbon worm (D:3)
  6 orcs
  2 bats
  An endoplasm (D:1)
  A giant cockroach (D:1)
  2 goblins (D:1)
  6 hobgoblins
  A kobold (D:1)
31 creatures vanquished.

Notes
Turn   | Place    | Note
-------+----------+-------------------------------------------
     0 | D:1      | Flugkiller the Vine Stalker Ice Elementalist began the
                  | quest for the Orb.
     0 | D:1      | Reached XP level 1. HP: 9/9 MP: 4/4
    66 | D:1      | Reached XP level 2. HP: 13/13 MP: 3/6
   114 | D:2      | Noticed Natasha
   115 | D:2      | Noticed Sigmund
   129 | D:2      | Identified the +1 leather armour "Yrugeteh" {rPois rF-
                  | Dex+6}
   143 | D:1      | Killed Natasha
   144 | D:1      | Reached XP level 3. HP: 15/16 MP: 1/8
   155 | D:2      | Learned a level 3 spell: Frozen Ramparts
   159 | D:2      | Learned a level 3 spell: Ozocubu's Armour
   242 | D:3      | Found a blossoming altar of Fedhas.
   353 | D:3      | Reached skill level 5 in Ice Magic
   353 | D:3      | Reached XP level 4. HP: 14/21 MP: 1/10
   391 | D:3      | Reached XP level 5. HP: 24/24 MP: 4/12
   479 | D:4      | Noticed Duvessa
   482 | D:4      | Noticed Dowan
   493 | D:4      | Killed Duvessa
   494 | D:4      | Reached XP level 6. HP: 28/28 MP: 1/14
   509 | D:4      | Killed Dowan
   510 | D:4      | Reached skill level 6 in Ice Magic
   537 | D:4      | Noticed Blork the orc
   632 | D:4      | Slain by Blork the orc

Illustrated notes

Levels and vault maps discovered:
D:1:      scummos_arrival_simple_fountains, layout_loops_cross,
          minmay_close_crescents
D:2:      layout_basic, uniq_crazy_yiuf_cottage, uniq_jessica, uniq_sigmund,
          uniq_natasha
D:3:      layout_loops_ring, fedhas_altar_4
D:4:      layout_rooms, kennysheep_vampire_church, minmay_temple_entry_statues,
          kennysheep_generic_room_13, uniq_blork_the_orc, uniq_robin,
          uniq_duvessa

Skill      XL: |  1  2  3  4  5  6 |
---------------+-------------------+-----
Spellcasting   | 3 4 |  4.9
Ice Magic      | 5 6 |  6.0
Dodging        | |  1.5
Stealth        | |  2.4

Action                     |  1- 3 |  4- 6 || total
---------------------------+-------+-------++-------
  Melee: Whip              |    24 |     8 ||    32
         Bite              |    12 |     2 ||    14
         Unarmed           |     4 |       ||     4
   Cast: Freeze            |    13 |     8 ||    21
         Frozen Ramparts   |     2 |     6 ||     8
         Ozocubu's Armour  |       |     1 ||     1
    Use: Potion            |       |     3 ||     3
         Scroll            |       |     1 ||     1
   Stab: Sleeping          |     2 |       ||     2
 Armour: Robe              |    19 |       ||    19
         Leather armour    |    10 |    18 ||    28
         Skin              |       |    16 ||    16
  Dodge: Dodged            |    31 |     6 ||    37
